 Dungeon Crawl Stone Soup version 0.21-a0-632-g1e37ce5 (webtiles) character file.

2233 KristoblXynda the Infuser (level 9, -4/40 (41) HPs)
             Began as a Spriggan Skald on Dec 27, 2017.
             Was a Follower of Ashenzari.
             Slain by a two-headed ogre
             ... wielding a +0 giant club
              (19 damage)
             ... on level 8 of the Dungeon.
             The game lasted 00:19:57 (9539 turns).

KristoblXynda the Infuser (Spriggan Skald)          Turns: 9539, Time: 00:19:58

HP:   -4/40 (41)    AC:  4    Str:  8    XL:     9   Next: 14%
MP:   16/21         EV: 20    Int: 17    God:    Ashenzari [*.....]
Gold: 504           SH:  0    Dex: 20    Spells: 15/22 levels left

rFire    . . .     SeeInvis +   a - +0 short sword
rCold    . . .     Gourm    .   (shield restricted)
rNeg     . . .     Faith    .   x - +0 troll leather armour (curse) {Purgy}
rPois    .         Spirit   .   (helmet restricted)
rElec    .         Reflect  .   (no cloak)
rCorr    .         Harm     .   (gloves unavailable)
MR       +....                  (boots unavailable)
Stlth    ++++......             (no amulet)
HPRegen  0.53/turn              f - ring of flight
MPRegen  0.17/turn              t - +5 ring of dexterity (curse)

@: very quick
A: very small, unfitting armour, see invisible, herbivore, speed 3, slow
metabolism 2
a: Curse Item, Scrying, Renounce Religion, Evoke Flight


You were on level 8 of the Dungeon.
You worshipped Ashenzari.
Ashenzari was aware of your devotion.
You were not hungry.

You visited 2 branches of the dungeon, and saw 9 of its levels.
You also visited: Sewer.

You collected 504 gold pieces.

Inventory:

Hand Weapons
 a - a +0 short sword (weapon)
Armour
 k - a +2 buckler
 x - a cursed +0 troll leather armour (worn) {Purgy}
Jewellery
 f - a ring of flight (left hand)
 t - a cursed +5 ring of dexterity (right hand)
 w - an uncursed ring of resist corrosion
Wands
 e - a wand of flame (13)
 g - a wand of disintegration (7)
 m - a wand of clouds (2)
 n - a wand of acid (6)
Scrolls
 b - 2 scrolls of remove curse
 i - 11 scrolls of teleportation
 q - a scroll of magic mapping
Potions
 h - 5 potions of flight
 j - a potion of mutation
 l - a potion of ambrosia
 o - 2 potions of agility
 p - 2 potions of brilliance
 s - 2 potions of haste
 v - 3 potions of curing
 z - a potion of lignification {unknown}
Books
 c - a book of Battle

   Spells                             Type                      Level
   a - Infusion                       Charms                       1
   b - Shroud of Golubria             Charms/Translocation         2
   c - Song of Slaying                Charms                       2
   d - Spectral Weapon                Hexes/Charms                 3
   e - Regeneration                   Charms/Necromancy            3
 r - a book of Conjurations

   Spells                             Type                      Level
   a - Magic Dart                     Conjuration                  1
   b - Searing Ray                    Conjuration                  2
   c - Dazzling Spray                 Conjuration/Hexes            3
   d - Fulminant Prism                Conjuration/Hexes            4
   e - Force Lance                    Conjuration/Translocation    4
   f - Iskenderun's Mystic Blast      Conjuration                  4
 u - a book of Cantrips

   Spells                             Type                      Level
   a - Confusing Touch                Hexes                        1
   b - Animate Skeleton               Necromancy                   1
   c - Summon Small Mammal            Summoning                    1
   d - Apportation                    Translocation                1
Comestibles
 d - 11 rations


   Skills:
 - Level 1.5 Fighting
 - Level 6.0 Short Blades
 - Level 5.0 Dodging
 + Level 8.7 Stealth
 + Level 7.4 Spellcasting
 + Level 9.8 Charms
 + Level 4.2 Evocations


You had 15 spell levels left.
You knew the following spells:

 Your Spells              Type           Power        Failure   Level  Hunger
a - Infusion              Chrm           ####         1%          1    None
b - Regeneration          Chrm/Necr      ###.......   6%          3    ##.....
c - Spectral Weapon       Hex/Chrm       ###.....     6%          3    ##.....


Dungeon Overview and Level Annotations

Branches:
Dungeon (8/15)             Temple (1/1) D:5
   Lair: D:8-11

Altars:
Ashenzari
Cheibriados
Dithmenos
Elyvilon
Fedhas
Gozag
Kikubaaqudgha
Makhleb
Nemelex Xobeh
Okawaru
Qazlal
Ru
Sif Muna
Trog
Uskayaw
Vehumet
Wu Jian
Xom
Zin
The Shining One


Innate Abilities, Weirdness & Mutations

You are very small and have problems with some larger weapons.
You are too small for most types of armour.
You have supernaturally acute eyesight. (SInv)
You are a herbivore.
You cover ground extremely quickly.
You need consume almost no food.


Message History

Aim: a two-headed ogre, wielding two giant clubs (heavily wounded, chance to defeat MR: 67%)
The two-headed ogre is blasted.
You hit the two-headed ogre.
The two-headed ogre is severely wounded.
The two-headed ogre closely misses you.
The two-headed ogre hits you with a giant club.
Evoke which item? (* to show all) (? for menu, Esc to quit)
Aiming: Throw Flame
Press: ? - help, Shift-Dir - straight line, f/p - two-headed ogre
Aim: a two-headed ogre, wielding two giant clubs (severely wounded)
The puff of flame hits the two-headed ogre.
The two-headed ogre is almost dead.
You hit the two-headed ogre.
The two-headed ogre is almost dead.
You hit the two-headed ogre.
The two-headed ogre is almost dead.
The two-headed ogre hits you with a giant club!!
Ouch! That really hurt!
The two-headed ogre hits you with a giant club!!
You die...

#........#...........
#........#...........
########.......##...........
#..†...#.......###†#.......
#......#.......#...#....##
#......#.).....#...#....#
#......'.......#...'....#
#......#######'#####....#
#.####<......@O......#### #.
#...............# ##
#...............#
................#
##...#####'###### ##### ....
...... .......


You could see a two-headed ogre.

Vanquished Creatures
  Grinder (D:5)
  Menkaure (D:4)
  A water moccasin (D:7)
  An orc warrior (D:7)
  2 ice beasts
  Purgy (D:3)
  An ogre (D:5)
  2 necrophages (D:8)
  A centaur (D:5)
  A bullfrog (D:6)
  A jelly (D:6)
  A scorpion (D:5)
  A wyvern skeleton (D:7)
  A crimson imp (D:7)
  A quasit (D:6)
  A bullfrog zombie (D:6)
  6 hounds
  A gnoll shaman (D:6)
  An orc priest (D:7)
  Ijyb (D:3)
  An iguana (D:4)
  A merfolk siren (Sewer)
  Terence (D:3)
  4 worker ants
  A merfolk avatar (Sewer)
  A hound skeleton (D:6)
  2 worker ant zombies
  4 gnolls (D:6)
  10 adders
  A river rat (Sewer)
  An ooze (D:3)
  An adder zombie (D:5)
  An adder skeleton (D:6)
  3 worms
  5 dart slugs
  7 leopard geckos
  6 orcs
  8 giant cockroaches
  8 goblins
  6 hobgoblins
  8 jackals
  3 quokkas
  9 ball pythons
  5 bats
  10 frilled lizards
  A jackal skeleton (D:7)
  5 kobolds
  32 rats
172 creatures vanquished.

Notes
Turn   | Place    | Note
-------+----------+-------------------------------------------
     0 | D:1      | KristoblXynda the Spriggan Skald began the quest for the Orb.
     0 | D:1      | Reached XP level 1. HP: 10/10 MP: 5/5
   235 | D:1      | Reached XP level 2. HP: 9/14 MP: 6/6
  1025 | D:2      | Reached skill level 5 in Charms
  1220 | D:2      | Reached XP level 3. HP: 18/18 MP: 2/8
  1235 | D:2      | Learned a level 3 spell: Regeneration
  1239 | D:2      | Learned a level 3 spell: Spectral Weapon
  1502 | D:2      | Found a white marble altar of Elyvilon.
  1502 | D:2      | Found an ancient bone altar of Kikubaaqudgha.
  1749 | D:2      | Reached XP level 4. HP: 21/22 MP: 6/9
  1986 | D:2      | Found a faded altar of an unknown god.
  2004 | D:2      | Reached skill level 5 in Dodging
  2425 | D:3      | Noticed Ijyb
  2471 | D:3      | Killed Ijyb
  2471 | D:3      | Reached skill level 1 in Stealth
  2471 | D:3      | Reached XP level 5. HP: 17/25 MP: 0/10
  2604 | D:3      | You fall through a shaft for 3 floors!
  2687 | D:6      | Reached skill level 6 in Charms
  2801 | D:6      | Noticed an ice beast
  2828 | D:6      | Killed an ice beast
  2828 | D:6      | Reached XP level 6. HP: 3/30 MP: 9/12
  3068 | D:6      | Identified a scroll of acquirement
  3121 | D:6      | Found a glowing drain.
  3158 | Sewer    | Entered a sewer
  4435 | D:6      | Reached skill level 7 in Charms
  4473 | D:6      | Reached XP level 7. HP: 9/33 MP: 7/14
  4904 | D:6      | Found a glowing silver altar of Zin.
  5123 | D:5      | Entered Level 5 of the Dungeon
  5165 | D:5      | Reached skill level 5 in Short Blades
  5321 | D:5      | Found a shadowy altar of Dithmenos.
  5439 | D:5      | Found a staircase to the Ecumenical Temple.
  5451 | D:5      | Reached skill level 5 in Stealth
  5451 | D:5      | Reached skill level 5 in Spellcasting
  5456 | Temple   | Entered the Ecumenical Temple
  5672 | Temple   | Became a worshipper of Ashenzari the Shackled
  5777 | D:5      | Noticed Grinder
  5810 | D:5      | Killed Grinder
  6105 | D:5      | Reached skill level 8 in Charms
  6105 | D:5      | Reached XP level 8. HP: 37/37 MP: 14/17
  6278 | D:4      | Noticed Menkaure
  6291 | D:4      | Killed Menkaure
  7203 | D:4      | Reached * piety under Ashenzari
  7591 | D:3      | Noticed Terence
  7594 | D:3      | Killed Terence
  7622 | D:3      | Noticed Purgy
  7639 | D:3      | Killed Purgy
  7639 | D:3      | Reached skill level 1 in Evocations
  7783 | D:3      | Found a sacrificial altar of Ru.
  8331 | D:7      | Found an iron altar of Okawaru.
  8501 | D:7      | Reached skill level 9 in Charms
  9284 | D:7      | Reached XP level 9. HP: 41/41 MP: 20/20
  9521 | D:8      | Noticed a two-headed ogre
  9539 | D:8      | Slain by a two-headed ogre

Vault maps used:
D:1:      evilmike_arrival_fibonacci_small, minmay_misc_feat_five
D:2:      gammafunk_temple_overflow_elements, chequers_ecumenical_altar_simple,
          first_ration
D:3:      lemuel_statue_altar, uniq_ijyb, uniq_terence, uniq_purgy
D:4:      uniq_menkaure
D:5:      kennysheep_mini_moat, minmay_temple_entry_nine_rooms,
          minmay_misc_feat_iff, uniq_grinder
D:6:      kennysheep_mini, portal_sewer_entry_c, kennysheep_path_1,
          small_statue_intersection
D:7:      okawaru_gym_becter, eino_tiny_chamber, kennysheep_dice
D:8:      lemuel_crystal_altar, kennysheep_little_box, hangedman_pestilent_swarm
Temple:   regret_index_temple_generic_petals
Sewer:    sewer_sea

Skill      XL: |  1  2  3  4  5  6  7  8  9 |
---------------+----------------------------+-----
Dodging        | 4 5 |  5.0
Charms         | 5 6 7 8 9 |  9.8
Short Blades   | 3 4 5 6 |  6.0
Stealth        | 1 3 4 6 8 |  8.7
Spellcasting   | 3 4 5 7 |  7.4
Evocations     | 3 4 |  4.2
Fighting       | |  1.5

Action                   |  1- 3 |  4- 6 |  7- 9 || total
-------------------------+-------+-------+-------++-------
Melee: Short sword       |   146 |   301 |   351 ||   798
 Cast: Infusion          |     5 |    15 |    18 ||    38
Invok: Curse Item        |       |       |     2 ||     2
Evoke: Wand              |       |    10 |    13 ||    23
  Use: Potion            |     4 |     4 |     1 ||     9
       Scroll            |       |     6 |     9 ||    15
 Stab: Sleeping          |     2 |     7 |    13 ||    22
       Distracted        |       |       |     1 ||     1
  Eat: Ration            |       |     1 |     3 ||     4
Armor: Robe              |    11 |    23 |     4 ||    38
       Troll leather arm |       |       |    18 ||    18
Dodge: Dodged            |   124 |   291 |   232 ||   647

Table legend:
 A = Spawn XP
 B = Non-spawn XP
 C = Spawn XP percentage of total XP
 D = Spawn monster count
 E = Non-spawn monster count
 F = Spawn count percentage of total count
 G = Total turns spent on level
                    A         B        C        D         E        F      G
               +---------+---------+-------+---------+---------+-------+---------
         Total |       0 |    3190 |   0.0 |       0 |     172 |   0.0 |  9539
               +---------+---------+-------+---------+---------+-------+---------
           D:1 |       0 |      34 |   0.0 |       0 |      17 |   0.0 |  1004
           D:2 |       0 |     116 |   0.0 |       0 |      33 |   0.0 |  1421
           D:3 |       0 |     263 |   0.0 |       0 |      20 |   0.0 |   846
           D:4 |       0 |     319 |   0.0 |       0 |       6 |   0.0 |  1240
           D:5 |       0 |     621 |   0.0 |       0 |       7 |   0.0 |   927
           D:6 |       0 |     548 |   0.0 |       0 |      23 |   0.0 |  1866
           D:7 |       0 |     841 |   0.0 |       0 |      20 |   0.0 |  1016
           D:8 |       0 |     317 |   0.0 |       0 |       4 |   0.0 |   203
         Sewer |       0 |     131 |   0.0 |       0 |      42 |   0.0 |   771
               +---------+---------+-------+---------+---------+-------+---------
